 Dungeon Crawl Stone Soup version 0.31-a0-1576-ga3383bade6 (webtiles) character file.

Game seed: 4317764709603414379

3308 Flugslaktarn the Fighter (level 9, 0/86 HPs)
             Began as a Minotaur Fighter on Jan 4, 2024.
             Was an Initiate of Cheibriados.
             Slain by a gnoll
             ... wielding a +0 club
             ... led by a gnoll sergeant
              (3 damage)
             ... on level 7 of the Dungeon.
             The game lasted 00:02:52 (5754 turns).

Flugslaktarn the Fighter (Minotaur Fighter)         Turns: 5754, Time: 00:02:52

Health: 0/86       AC: 12    Str: 31    XL:     9   Next: 70%
Magic:  8/8        EV:  9    Int:  6    God:    Cheibriados [......]
Gold:   291        SH:  5    Dex: 10    Spells: 8/8 levels left

rFire   . . .        u - +9 hand axe of Gloom {flame, Str+4}
rCold   . . .        c - +0 buckler
rNeg    . . .        E - +0 chain mail
rPois   .            (helmet restricted)
rElec   .            (no cloak)
rCorr   .            A - +0 pair of gloves
SInv    .            (no boots)
Will    .....        (no amulet) Stlth
                     (no ring)
HPRegen 0.34/turn    (no ring)
MPRegen 0.11/turn

%: no passive effects
@: very slow
A: horns 2, retaliatory headbutt
a: Renounce Religion


You were on level 7 of the Dungeon.
You worshipped Cheibriados.
Cheibriados was noncommittal.
You visited 2 branches of the dungeon, and saw 9 of its levels.

You collected 291 gold pieces.

Inventory:

Hand Weapons
 a - a +0 war axe
 u - the +9 hand axe of Gloom (weapon) {flame, Str+4}
   (You found it on level 5 of the Dungeon)

   Str+4:     It affects your strength (+4).
 H - a +3 war axe of freezing
   (You took it off a wight on level 7 of the Dungeon)
Missiles
 h - a throwing net
Armour
 b - a +0 scale mail
 c - a +0 buckler (worn)
 A - a +0 pair of gloves (worn)
   (You found it on level 6 of the Dungeon)
 E - a +0 chain mail (worn)
   (You found it on level 2 of the Dungeon)
Jewellery
 f - a ring of protection from fire
   (You found it on level 3 of the Dungeon)
 i - a ring of see invisible
   (You found it on level 7 of the Dungeon)
 k - a +6 ring of dexterity
   (You found it on level 2 of the Dungeon)
 v - a ring of flight
   (You took it off a kobold on level 4 of the Dungeon)
 x - a +6 ring of strength
   (You found it on level 5 of the Dungeon)
Wands
 D - a wand of mindburst (15)
   (You took it off Ijyb on level 3 of the Dungeon)
 G - a wand of charming (12)
   (You took it off a wight on level 7 of the Dungeon)
Scrolls
 e - 2 scrolls of poison {unknown}
 g - 4 scrolls of identify {unknown}
 m - a scroll of blinking {unknown}
 o - a scroll of silence {unknown}
 p - 4 scrolls of teleportation {unknown}
 r - 3 scrolls of noise {unknown}
 w - a scroll of amnesia {unknown}
 y - a scroll of vulnerability {unknown}
 B - a scroll of enchant armour {unknown}
 F - a scroll of enchant weapon {unknown}
Potions
 d - a potion of might
 j - 2 potions of mutation {unknown}
 l - 2 potions of brilliance {unknown}
 n - 2 potions of degeneration {unknown}
 q - 5 potions of curing
 s - a potion of ambrosia {unknown}
 t - 3 potions of attraction {unknown}
 z - a potion of invisibility {unknown}
 C - a potion of haste {unknown}


   Skills:
 * Level 10.3 Fighting
 * Level 10.0 Axes
 + Level 7.5 Armour
 + Level 7.5 Shields


You had 8 spell levels left.
You didn't know any spells.
Your spell library contained the following spells:

 Spells                   Type           Power      Damage    Failure   Level
 Foxfire                  Conj/Fire      0%         2x1d4     89%         1
 Mercury Vapours          Alch/Air       0%         N/A       96%         2
 Mephitic Cloud           Conj/Alch/Air  0%         N/A       99%         3
 Anguish                  Hex/Necr       0%         N/A       100%        4
 Animate Dead             Necr           0%         N/A       100%        4
 Cause Fear               Hex            0%         N/A       100%        4
 Freezing Cloud           Conj/Ice/Air   0%         6-21      100%        5
 Plasma Beam              Fire/Air       0%         2x1d10    100%        6
 Starburst                Conj/Fire      0%         6d3       100%        6
 Enfeeble                 Hex            0%         N/A       100%        7
 Haunt                    Necr/Summ      0%         N/A       100%        7
 Infestation              Necr           0%         N/A       100%        8


Dungeon Overview and Level Annotations

Branches:
Dungeon (8/15)             Temple (1/1) D:7
   Lair: D:8-11

Altars:
Ashenzari
Cheibriados
Dithmenos
Elyvilon
Fedhas
Hepliaklqana
Kikubaaqudgha
Makhleb
Okawaru
Ru
Sif Muna
Trog
Uskayaw
Vehumet
Wu Jian
Xom
Yredelemnul
Zin
The Shining One

Shops:
D:3 :

Annotations:
D:7 1 runed translucent door, Crazy Yiuf


Innate Abilities, Weirdness & Mutations

You have a pair of horns on your head.
You reflexively headbutt those who attack you in melee.


Message History

Cheibriados appreciates the change of pace.
You hit the wight. You burn the wight. The wight barely misses you.
You furiously retaliate!
You headbutt the wight.
Your life force feels restored.
You slash the wight! You burn the wight.
You destroy the wight!
Cheibriados appreciates the change of pace.
No target in view!
No target in view!
No target in view!
No target in view!
No target in view!
No target in view!
Things that are here:
a +3 short sword; a +0 robe No target in view!
You see here a +0 trident.
You see here a +0 hammer.
Crazy Yiuf shouts!
You see here a +0 hammer.
You see here a +0 hammer.
You see here a +0 hammer.
You see here a +0 hammer.
Could not explore, unopened runed door.
Could not explore, unopened runed door.
Could not explore, unopened runed door.
No reachable target in view!
You see here a +0 hammer.
You see here a +0 hammer.
You see here a +0 hammer.
You see here a +0 hammer.
There is a stone staircase leading down here.
You climb downwards.
The gnoll hits you but does no damage. The gnoll hits you with a +0 club.
The gnoll sergeant closely misses you.
The gnoll hits you from afar with a +0 halberd.
There is a stone staircase leading up here.
Unknown command.
There are monsters nearby!
There are monsters nearby!
You slash the gnoll sergeant! You burn the gnoll sergeant.
The gnoll sergeant is moderately wounded.
You hit the gnoll. You burn the gnoll.
The gnoll hits you from afar with a +0 halberd!
The gnoll throws a throwing net.
The throwing net hits you.
You become entangled in the net!
The gnoll hits you with a +0 club.
The gnoll sergeant hits you with a +0 spear.
You struggle against the net.
The gnoll hits you but does no damage. The gnoll closely misses you.
The gnoll sergeant hits you with a +0 spear!
You struggle against the net.
The gnoll hits you from afar with a +0 halberd!
The gnoll hits you but does no damage. x3
The gnoll sergeant hits you but does no damage.
You struggle against the net.
The gnoll hits you but does no damage.
The gnoll hits you with a +0 club. x2; The gnoll hits you but does no damage.
The gnoll sergeant hits you with a +0 spear.
You struggle against the net.
The gnoll hits you from afar with a +0 halberd.
The gnoll hits you but does no damage. The gnoll hits you with a +0 club!
The gnoll hits you from afar with a +0 spear.
The gnoll sergeant barely misses you. You furiously retaliate!
You headbutt the gnoll sergeant. You shred the net and break free!
The gnoll barely misses you. The gnoll hits you but does no damage.
The gnoll hits you from afar with a +0 spear.
* * * LOW HITPOINT WARNING * * *
The gnoll sergeant hits you with a +0 spear!
* * * LOW HITPOINT WARNING * * *
Okay, then.
You are too injured to fight recklessly!
The gnoll sergeant blocks your attack. x2
The gnoll sergeant is heavily wounded.
You hit the gnoll. You burn the gnoll. You slash the gnoll! You burn the gnoll.
You completely miss the gnoll. You slash the gnoll sergeant!
You burn the gnoll sergeant.
The gnoll sergeant is severely wounded.
You slash the gnoll! You burn the gnoll.
You kill the gnoll!
Cheibriados appreciates the change of pace.
You hit the gnoll. You burn the gnoll. You hit the gnoll. You burn the gnoll.
You kill the gnoll!
Cheibriados appreciates the change of pace.
The gnoll hits you but does no damage. x2
The gnoll sergeant closely misses you. The gnoll closely misses you.
Your Axes skill increases to level 10!
The gnoll hits you from afar with a +0 halberd!
* * * LOW HITPOINT WARNING * * *
The gnoll hits you with a +0 club.
* * * LOW HITPOINT WARNING * * *
The gnoll closely misses you. The gnoll sergeant closely misses you.
You furiously retaliate!
You headbutt the gnoll sergeant, but do no damage.
You climb upwards.
Level annotation: 1 runed translucent door, Crazy Yiuf
There is a stone staircase leading down here.
You barely miss the gnoll.
The gnoll is severely wounded.
You hit the gnoll sergeant. You burn the gnoll sergeant.
The gnoll hits you with a +0 club.
You die...

# ####### #.######.##.#.#. #
#.##............
##################.##.###.#..#.#.
................##.##.###.#..#.#.
##.#.......####.##.##............
##.#..###..####.##.##..........#.
..........................#..#.#.
##..............gg...............
#.#..###..##...@................
##.#..###..##...##.##..#..#..#.#.
#..........[)...##.##..#..#..#.#.
#.....###..#....##.##..#..#..#.#.
#.....###........................
.................................
####.#####..#..####.####..#......
###.## #..#..# #.# ##..#..#.#.
#....# #..#..# #.# #...#......


You could see a gnoll sergeant and a gnoll.

Vanquished Creatures
  Pikel (D:7)
  Jeremiah (D:7)
  Edmund (D:4)
  Menkaure (D:4)
  5 water moccasins
  An orc warrior (D:7)
  An ogre (D:5)
  A centaur (D:7)
  3 bullfrogs
  4 scorpions
  6 wights
  4 killer bees (D:7)
  A hound (D:5)
  An orc priest (D:3)
  A jelly (D:5)
  A gnoll bouda (D:6)
  An iguana (D:5)
  5 orc wizards
  Ijyb (D:3)
  A sleepcap (D:5)
  Robin (D:4)
  11 gnolls
  7 adders
  6 ufetubi
  3 dart slugs
  A ribbon worm (D:3)
  26 orcs
  6 endoplasms
  2 giant cockroaches
  10 goblins
  10 hobgoblins
  3 jackals (D:2)
  11 kobolds
  2 quokkas
  7 ball pythons
  6 bats
  3 frilled lizards
  3 rats (D:1)
159 creatures vanquished.

Notes
Turn   | Place    | Note
-------+----------+-------------------------------------------
     0 | D:1      | Flugslaktarn the Minotaur Fighter began the quest for the
                  | Orb.
     0 | D:1      | Reached XP level 1. HP: 19/19 MP: 0/0
    92 | D:1      | Reached XP level 2. HP: 24/27 MP: 1/1
   184 | D:1      | Found a faded altar of an unknown god.
   826 | D:2      | Reached XP level 3. HP: 33/33 MP: 2/2
   941 | D:2      | Reached XP level 4. HP: 32/41 MP: 3/3
  1616 | D:3      | Found Usen's Book Boutique.
  1821 | D:3      | Noticed Ijyb
  1830 | D:3      | Killed Ijyb
  1831 | D:3      | Reached skill level 5 in Fighting
  1831 | D:3      | Reached XP level 5. HP: 9/48 MP: 4/4
  2161 | D:4      | Noticed Menkaure
  2169 | D:5      | Entered Level 5 of the Dungeon
  2295 | D:5      | Noticed an ogre
  2303 | D:5      | Killed an ogre
  2304 | D:5      | Reached skill level 5 in Axes
  2304 | D:5      | Reached XP level 6. HP: 41/57 MP: 5/5
  2307 | D:5      | Identified the +9 hand axe of Gloom {flame, Str+4}
  2506 | D:4      | Noticed Edmund
  2513 | D:4      | Killed Edmund
  2514 | D:4      | Reached skill level 5 in Shields
  2517 | D:4      | Killed Menkaure
  2518 | D:4      | Reached skill level 5 in Armour
  2518 | D:4      | Reached XP level 7. HP: 50/64 MP: 6/6
  2656 | D:4      | Noticed Robin
  2660 | D:4      | Killed Robin
  3684 | D:5      | Reached XP level 8. HP: 73/73 MP: 7/7
  4863 | D:7      | Noticed Pikel
  4874 | D:7      | Killed Pikel
  4976 | D:7      | Reached XP level 9. HP: 83/83 MP: 8/8
  5014 | D:7      | Noticed Jeremiah
  5083 | D:7      | Killed Jeremiah
  5178 | D:7      | Found a staircase to the Ecumenical Temple.
  5368 | D:7      | Reached skill level 10 in Fighting
  5424 | Temple   | Entered the Ecumenical Temple
  5437 | Temple   | Became a worshipper of Cheibriados the Contemplative
  5493 | D:7      | Found a runed translucent door.
  5494 | D:7      | Noticed Crazy Yiuf
  5752 | D:8      | Reached skill level 10 in Axes
  5752 | D:8      | HP: 2/86 [gnoll/+0 club[a gnoll sergeant] (5)]
  5754 | D:7      | Slain by a gnoll

Illustrated notes

Levels and vault maps discovered:
D:1:      minmay_arrival_stone_box, layout_loops_ring,
          shapermc_ecumenical_altar_notcrosses
D:2:      wad_crossroads, layout_basic
D:3:      layout_rooms, serial_shops, nicolae_shop_statue_plus, uniq_ijyb
D:4:      layout_loops_ring, uniq_robin, uniq_edmund, uniq_menkaure
D:5:      layout_basic, chequers_decorated_corner,
          chequers_serial_rivers_micro_a, minmay_a_box_with_orc_wizards_in_it
D:6:      layout_layer_cave
D:7:      layout_basic, minmay_temple_entry_glassed_door, uniq_pikel,
          uniq_crazy_yiuf_cottage, uniq_jeremiah
D:8:      layout_gridville, grunt_gozag_statues
Temple:   hellmonk_temple_of_storms

Skill      XL: |  1  2  3  4  5  6  7  8  9 |
---------------+----------------------------+-----
Fighting       | 4 5 6 7 9 10 | 10.3
Axes           | 3 4 5 6 8 10 | 10.0
Armour         | 4 5 6 7 |  7.5
Shields        | 4 5 6 7 |  7.5

Action                     |  1- 3 |  4- 6 |  7- 9 || total
---------------------------+-------+-------+-------++-------
  Melee: War axe           |    69 |    80 |       ||   149
         Headbutt          |     6 |    12 |    19 ||    37
         Hand axe          |       |    11 |   178 ||   189
    Use: Potion            |       |     2 |       ||     2
 Armour: Scale mail        |    33 |       |       ||    33
         Chain mail        |    15 |    66 |   141 ||   222
  Dodge: Dodged            |    27 |    29 |    61 ||   117
  Block: Buckler           |    15 |    25 |    33 ||    73

Table legend: (Time is in decaauts)
 A = Elapsed time spent in this place.
 B = Non-inter-level travel time spent in this place.
 C = Inter-level travel time spent in this place.
 D = Time resting spent in this place.
 E = Time spent auto-exploring this place.
 F = Levels seen in this place.
 G = Mean time per level.
                   A        B        C        D        E       F      G
               +--------+--------+--------+--------+--------+-----+--------+
         Total |   5880 |   5510 |    370 |    131 |   4515 |   9 |  653.3 |
       Dungeon |   5850 |   5508 |    342 |    131 |   4515 |   8 |  731.2 |
        Temple |     30 |      2 |     28 |      0 |      0 |   1 |   30.0 |
               +--------+--------+--------+--------+--------+-----+--------+

Top non-repeatable levels by time:
     D:6: 1083 daAuts
     D:7: 985 daAuts
     D:2: 938 daAuts
     D:5: 932 daAuts
     D:4: 713 daAuts
     D:1: 706 daAuts
     D:3: 467 daAuts
  Temple: 30 daAuts
     D:8: 22 daAuts
